 Dungeon Crawl Stone Soup version 0.25.1-2-g60ff931df9 (webtiles) character file.

Game seed: 5159693740331707554

21 Mitsuki the Grave Robber (level 2, -2/20 HPs)
             Began as a Ghoul Necromancer on Aug 3, 2020.
             Slain by a goblin
             ... wielding a +0 dagger
              (3 damage)
             ... on level 2 of the Dungeon.
             The game lasted 00:03:10 (999 turns).

Mitsuki the Grave Robber (Ghoul Necromancer)         Turns: 999, Time: 00:03:10

Health: -2/20      AC:  2    Str: 11    XL:     2   Next: 87%
Magic:  1/4        EV: 12    Int: 10    God:
Gold:   65         SH:  5    Dex:  9    Spells: 4/5 levels left

rFire    . . .     SeeInvis .   h - +0 dagger
rCold    + . .     Gourm    .   (no shield)
rNeg     + + +     Faith    .   a - +0 robe
rPois    ∞         Spirit   .   (no helmet)
rElec    .         Reflect  +   (no cloak)
rCorr    .         Harm     .   (no gloves)
MR       +....                  (no boots)
Stlth    ++........             i - amulet of reflection
HPRegen  0.00/turn              b - ring of protection from magic
MPRegen  0.09/turn              (no ring)

@: rotting
A: rotting body, claws 1, carnivore, cold resistance 1, negative energy
resistance 3, inhibited regeneration, torment resistance, unbreathing
a: no special abilities


You were on level 2 of the Dungeon.
You were not hungry.

You visited 1 branch of the dungeon, and saw 2 of its levels.

You collected 65 gold pieces.

Inventory:

Hand Weapons
 h - a +0 dagger (weapon)
Armour
 a - a +0 robe (worn)
 l - a cursed +0 helmet
Jewellery
 b - a ring of protection from magic (left claw)
 i - an amulet of reflection (around neck)
Scrolls
 d - 2 scrolls of identify {unknown}
 e - a scroll of noise {unknown}
 f - a scroll of fog {unknown}
 k - a scroll of remove curse {unknown}
Potions
 g - a potion of heal wounds {unknown}
Comestibles
 c - 4 rations
 j - 4 chunks of flesh


   Skills:
 - Level 1.7 Dodging
 - Level 2.1 Stealth
 + Level 2.1 Spellcasting
 * Level 4.5 Necromancy


You had 4 spell levels left.
You knew the following spells:

 Your Spells              Type           Power        Failure   Level  Hunger
a - Pain                  Necr           ##..         4%          1    ##.....

Your spell library contained the following spells:

 Spells                   Type           Power        Failure   Level  Hunger
 Animate Skeleton         Necr           N/A          4%          1    ##.....
 Vampiric Draining        Necr           ##........   14%         3    ####...
 Animate Dead             Necr           N/A          43%         4    #####..
 Agony                    Necr           ##......     78%         5    ######.


Dungeon Overview and Level Annotations

Branches:
Dungeon (2/15)

Altars:


Innate Abilities, Weirdness & Mutations

Your body is rotting away.
You thrive on raw meat.
You are immune to poison.
You have sharp fingernails.
You are carnivorous and can eat meat at any time.
Your flesh is cold resistant. (rC+)
You are immune to negative energy. (rN+++)
You do not regenerate when monsters are visible.
You are immune to unholy pain and torment.
You can survive without breathing.


Message History

* * * LOW HITPOINT WARNING * * *
You take 3 damage, and have 3/20 hp.
You hit the hobgoblin but do no damage.
The hobgoblin is heavily wounded.
You block the goblin's attack. The hobgoblin barely misses you.
You hit the hobgoblin.
The hobgoblin is almost dead.
The goblin barely misses you. The hobgoblin hits you with a +0 club.
* * * LOW HITPOINT WARNING * * *
You take 2 damage, and have 1/20 hp.
You are too injured to fight recklessly!
Casting: Pain (safe; 4% risk of failure)
Confirm with . or Enter, or press ? or * to list all spells.
Aiming: Pain (safe; 4% risk of failure)
Press: ? - help, Shift-Dir - straight line, f/p - hobgoblin
Aim: a hobgoblin, wielding a +0 club (almost dead, chance to defeat MR: 78%)
The hobgoblin writhes in agony.
You kill the hobgoblin!
The goblin hits you with a +0 dagger.
You die...

.....)..#.......#.###
.#...........##.<....
#######.##......####
##.##........ .
#............. .
.#######......####.##
.?..........###.#
.....####.#.# #
#.....)@....#
.....(.g.####
.......#.# $....†....
......##### ......
...... ......


You could see a goblin.

Vanquished Creatures
  A dart slug (D:2)
  A leopard gecko (D:2)
  A giant cockroach (D:1)
  A goblin (D:1)
  5 hobgoblins
  A quokka (D:2)
  2 bats (D:1)
  3 kobolds (D:1)
  2 rats
17 creatures vanquished.

Notes
Turn   | Place    | Note
-------+----------+-------------------------------------------
     0 | D:1      | Mitsuki the Ghoul Necromancer began the quest for the Orb.
     0 | D:1      | Reached XP level 1. HP: 14/14 MP: 2/2
   461 | D:1      | Reached XP level 2. HP: 20/20 MP: 0/4
   998 | D:2      | HP: 1/20 [hobgoblin/+0 club (2)]
   999 | D:2      | Slain by a goblin

Illustrated notes

Levels and vault maps discovered:
D:1:      psy_arrival_dodecagon, layout_rooms, minivault_5, moated_statue,
          serial_park_tiny_2, minmay_misc_feat_encased, minmay_misc_feat_chi,
          minmay_tetromino_i2
D:2:      layout_rooms, lemuel_crystal_altar, makhleb_blood_cavern_becter,
          uniq_terence

Skill      XL: |  1 |
---------------+----+-----
Spellcasting   | 2 |  2.1
Dodging        | |  1.7
Stealth        | |  2.1
Necromancy     | |  4.5

Action                   || total
-------------------------++-------
Melee: Dagger            ||    26
       Club              ||     2
       Unarmed           ||     2
 Cast: Pain              ||    23
  Eat: Chunk             ||     1
Armor: Robe              ||     1
Dodge: Dodged            ||    20
Block: Other             ||     6
